 Dungeon Crawl Stone Soup version 0.19-a0-1015-ge643222 (webtiles) character file.

1409 rageheart7 the Slasher (level 8, -3/50 HPs)
             Began as an Octopode Gladiator on July 24, 2016.
             Was an Initiate of Dithmenos.
             Killed from afar by an orc wizard (6 damage)
             ... with a puff of flame
             ... on level 6 of the Dungeon.
             The game lasted 00:08:47 (5626 turns).

rageheart7 the Slasher (Octopode Gladiator)         Turns: 5626, Time: 00:08:48

Health: -3/50      AC:  2    Str: 14    XL:     8   Next: 70%
Magic:  8/8        EV: 17    Int: 10    God:    Dithmenos [......]
Gold:   481        SH:  0    Dex: 15    Spells: 0 memorised, 7 levels left

rFire  . . .     SeeInvis +     a - +0 long sword
rCold  . . .     Gourm    .     (no shield)
rNeg   . . .     Faith    .     b - +1 hat
rPois  +         Spirit   .     p - amulet of regeneration
rElec  .         Dismiss  .     l - ring of stealth
rCorr  .         Reflect  .     i - ring of see invisible
SustAt .         Harm     .     (no ring)
MR     .....                    (no ring)
Stlth  +++++.....               (no ring)
                                (no ring)
                                (no ring)
                                (no ring)

@: very slightly contaminated, hasted, very quick, not resistant to hostile
enchantments, quite stealthy
A: almost no armour, amphibious, 8 rings, constrict 8, camouflage 1, poison
resistance, gelatinous body 1
a: Renounce Religion


You were on level 6 of the Dungeon.
You worshipped Dithmenos.
Dithmenos was noncommittal.
You were not hungry.

You visited 2 branches of the dungeon, and saw 7 of its levels.
You also visited: Ossuary.

You collected 481 gold pieces.

Inventory:

Hand Weapons
 a - a +0 long sword (weapon)
Missiles
 c - 3 throwing nets (quivered)
 f - 29 poisoned needles
 m - 3 needles of confusion
Armour
 b - a +1 hat (worn)
 e - the +5 ring mail of the Present {+Inv Dex+3, unknown}
   (You found it on level 5 of the Dungeon)

   It affects your dexterity (+3).
   It lets you turn invisible.
Jewellery
 i - a ring of see invisible (right tentacle)
 l - a ring of stealth (left tentacle)
 p - an amulet of regeneration (around mantle)
 w - an uncursed amulet of dismissal {unknown}
Wands
 j - a wand of polymorph (10/24)
Scrolls
 h - a scroll of recharging
 u - a scroll of identify
Potions
 g - a potion of flight
 k - a potion of brilliance
 o - a potion of resistance
Books
 n - a book of Death

   Spells                             Type                      Level
   a - Corpse Rot                     Necromancy                   2
   b - Sublimation of Blood           Necromancy                   2
   c - Agony                          Necromancy                   5
   d - Dispel Undead                  Necromancy                   5
   e - Excruciating Wounds            Charms/Necromancy            5
   f - Bolt of Draining               Conjuration/Necromancy       5
Comestibles
 d - 2 bread rations
 q - 2 slices of pizza
 v - a beef jerky


   Skills:
 - Level 2.0 Fighting
 * Level 7.5 Long Blades
 - Level 2.0 Throwing
 * Level 7.3 Dodging
 + Level 5.5 Stealth


You had 7 spell levels left.
You didn't know any spells.

Dungeon Overview and Level Annotations

Branches:
Dungeon (6/15)             Temple (1/1) D:5

Altars:
Ashenzari
Cheibriados
Dithmenos
Fedhas
Hepliaklqana
Kikubaaqudgha
Makhleb
Nemelex Xobeh
Sif Muna
Uskayaw
Zin

Shops:
D:5 *   D:6 ?(

Annotations:
D:5 Prince Ribbit
D:6 LostInTranslocation's ghost, novice DsNe


Innate Abilities, Weirdness & Mutations

You cannot wear most types of armour.
You are amphibious.
You can wear up to eight rings at the same time.
You can use your tentacles to constrict eight enemies at once.
Your skin changes colour to match your surroundings (Stealth+).
Your rubbery body absorbs attacks. (AC +1)
Your system is resistant to poisons. (rPois)


Message History

LostInTranslocation's ghost is heavily damaged.
You barely miss LostInTranslocation's ghost.
Your squeeze misses LostInTranslocation's ghost.
LostInTranslocation's ghost is heavily damaged.
LostInTranslocation's ghost gestures at you while chanting.
You struggle to resist.
You miss LostInTranslocation's ghost.
LostInTranslocation's ghost is heavily damaged.
Your surroundings suddenly seem different.
Found a potion of resistance.
An orc priest comes into view. It is wielding a hand axe.
You open the door.
A jelly comes into view.
The jelly quivers.
Found 13 gold pieces.
The orc wizard shouts!
The orc priest shouts!
There is an open door here.
The orc wizard points at you and mumbles some strange words.
The puff of flame hits you!
You die...

#.. #.. #.# # #.#
#.#.########
#####o#.#.J.....
#########..o....!#.......
................@'.......
#...........o..##.....$.
#.............. .......
#.......######. #######
#.......# #. #.......# #.
######'## .. ####..### ..
#.......#


You could see a jelly, an orc priest and 2 orc wizards.

Vanquished Creatures
  Sigmund (D:2)
  Edmund (D:5)
  2 ice beasts (D:6)
  A sky beast (D:5)
  An ogre (D:5)
  A phantom (D:4)
  An elf zombie (Ossuary)
  A centaur zombie (Ossuary)
  2 crimson imps (D:5)
  A human zombie (Ossuary)
  A hound (D:4)
  A giant frog skeleton (D:4)
  An orc priest (D:3)
  An orc wizard (D:5)
  Terence (D:3)
  4 big kobold zombies (Ossuary)
  A hound zombie (D:6)
  2 mummies (Ossuary)
  Robin (D:3)
  4 gnolls (D:5)
  A howler monkey skeleton (D:5)
  5 adders
  An ooze (D:2)
  2 worms
  4 giant geckos
  7 orcs
  A ball python (D:3)
  5 giant cockroaches
  2 gnoll zombies (Ossuary)
  17 goblins
  6 hobgoblins
  10 jackals
  3 quokkas
  8 bats
  A giant gecko zombie (D:6)
  4 giant newts
  A goblin zombie (Ossuary)
  3 hobgoblin zombies (Ossuary)
  4 kobolds
  An orc zombie (Ossuary)
  A quokka zombie (D:5)
  5 rats
121 creatures vanquished.

Notes
Turn   | Place    | Note
-------+----------+-------------------------------------------
     0 | D:1      | rageheart7 the Octopode Gladiator began the quest for the Orb.
     0 | D:1      | Reached XP level 1. HP: 14/14 MP: 1/1
   130 | D:1      | Reached XP level 2. HP: 18/19 MP: 2/2
   457 | D:1      | Reached skill level 1 in Stealth
  1091 | D:2      | Reached XP level 3. HP: 21/24 MP: 3/3
  1331 | D:2      | Noticed Sigmund
  1358 | D:2      | Killed Sigmund
  1358 | D:2      | Reached XP level 4. HP: 13/29 MP: 4/4
  1358 | D:2      | Reached XP level 5. HP: 15/34 MP: 5/5
  2304 | D:3      | Reached XP level 6. HP: 39/39 MP: 6/6
  2327 | D:3      | Noticed Robin
  2395 | D:3      | Killed Robin
  2556 | D:3      | Reached skill level 5 in Dodging
  2559 | D:3      | Reached skill level 5 in Long Blades
  2718 | D:3      | Noticed Terence
  2727 | D:3      | Killed Terence
  3234 | D:4      | Found a sand-covered staircase.
  3239 | Ossuary  | Entered an ossuary
  3261 | Ossuary  | Reached XP level 7. HP: 37/45 MP: 7/7
  3402 | D:4      | Found a blossoming altar of Fedhas.
  4376 | D:5      | Entered Level 5 of the Dungeon
  4441 | D:5      | Found a staircase to the Ecumenical Temple.
  4463 | D:5      | Found a snail-covered altar of Cheibriados.
  4504 | D:5      | Reached XP level 8. HP: 20/50 MP: 8/8
  4518 | Temple   | Entered the Ecumenical Temple
  4608 | Temple   | Became a worshipper of Dithmenos the Shadowed
  4735 | D:5      | Found Namielud's Assorted Antiques.
  4743 | D:5      | Reached skill level 5 in Stealth
  4846 | D:5      | Gained mutation: Scrolls take you a little longer to read. [mutagenic meat]
  4849 | D:5      | Gained mutation: Your system is resistant to poisons. (rPois) [mutagenic meat]
  4852 | D:5      | Gained mutation: You are resistant to hostile enchantments. (MR+) [mutagenic meat]
  4877 | D:5      | Found a sparkling altar of Nemelex Xobeh.
  5043 | D:5      | Noticed Edmund
  5052 | D:5      | Killed Edmund
  5077 | D:5      | Got a heavily runed ring mail
  5222 | D:5      | Noticed Prince Ribbit
  5318 | D:5      | Lost mutation: Scrolls take you a little longer to read. [potion of cure mutation]
  5318 | D:5      | Lost mutation: You are resistant to hostile enchantments. (MR+) [potion of cure mutation]
  5516 | D:6      | Found Alycla Lokk's Magic Scroll Shoppe.
  5525 | D:6      | Found Bumpa's Weapon Shop.
  5562 | D:6      | Found a burning altar of Makhleb.
  5589 | D:6      | Noticed LostInTranslocation's ghost (novice DsNe)
  5619 | D:6      | HP: 2/50 [LostInTranslocation's ghost (2)]
  5626 | D:6      | Killed from afar by an orc wizard

Vault maps used:
D:1:      scummos_arrival_star, minmay_pentomino_v2
D:2:      minmay_misc_feat_tower, wad_woods_river_04, uniq_sigmund
D:3:      minmay_misc_feat_roman, uniq_terence, uniq_robin
D:4:      fedhas_altar_1, nicolae_ossuary_entry_false_entrances,
          hangedman_decor_points
D:5:      nemelex_altar_shiori, lemuel_crystal_altar, serial_shops,
          nicolae_shop_stone, first_bread, serial_park_tiny_1,
          uniq_prince_ribbit1, uniq_edmund
D:6:      kennysheep_mini_moat, lemuel_doored_altar, serial_shops, shop,
          kennysheep_mini, bloody_makhleb
Temple:   minmay_temple_curvy_loop
Ossuary:  minmay_ossuary_gauntlet

Skill      XL: |  1  2  3  4  5  6  7  8 |
---------------+-------------------------+-----
Stealth        | 1 2 3 4 5 |  5.5
Long Blades    | 4 5 6 7 |  7.5
Dodging        | 4 5 6 7 |  7.3
Fighting       | |  2.0
Throwing       | |  2.0

Action                   |  1- 3 |  4- 6 |  7- 9 || total
-------------------------+-------+-------+-------++-------
Melee: Long sword        |    44 |   135 |   210 ||   389
       Constrict         |    14 |    32 |    30 ||    76
       Tentacles         |     7 |    23 |    41 ||    71
       Unarmed           |       |     4 |       ||     4
  Use: Scroll            |     5 |     1 |     8 ||    14
       Potion            |       |     4 |     4 ||     8
 Stab: Sleeping          |     4 |    11 |     9 ||    24
  Eat: Chunk             |     1 |     6 |    11 ||    18
Armor: Skin              |     5 |    13 |    15 ||    33
Dodge: Dodged            |    17 |    64 |    99 ||   180
